 Dungeon Crawl Stone Soup version 0.25-b1-23-ge2ad7d536c (webtiles) character file.

Game seed: 9992287841359233119, levelgen mode: deterministic

2727 Dirian the Cleaver (level 9, -9/118 HPs)
             Began as a Hill Orc Fighter on May 31, 2020.
             Was a Believer of Zin.
             Mangled by an orc knight
             ... wielding a +0 glaive
              (24 damage)
             ... in a bailey.
             The game lasted 00:15:18 (7902 turns).

Dirian the Cleaver (Hill Orc Fighter)               Turns: 7902, Time: 00:15:18

Health: -9/118     AC: 21    Str: 21    XL:     9   Next: 67%
Magic:  10/10      EV:  2    Int:  8    God:    Zin [**....]
Gold:   300        SH: 10    Dex: 11    Spells: 8/8 levels left

rFire    . . .     SeeInvis .   a - +1 war axe
rCold    . . .     Gourm    .   c - +0 kite shield
rNeg     . . .     Faith    .   h - +0 crystal plate armour
rPois    .         Spirit   .   l - +0 helmet
rElec    .         Reflect  .   (no cloak)
rCorr    .         Harm     .   (no gloves)
MR       .....                  m - +0 pair of boots
Stlth    ..........             p - amulet of regeneration
HPRegen  0.69/turn              (no ring)
MPRegen  0.12/turn              (no ring)

@: berserking, very quick
A: no striking features
a: Recite, Vitalisation, Donate Gold, Renounce Religion


You were in a bailey.
You worshipped Zin.
Zin was pleased with you.
You were hungry.

You visited 2 branches of the dungeon, and saw 8 of its levels.
You also visited: Bailey.

You collected 333 gold pieces.
You donated 33 gold pieces to Zin.

Inventory:

Hand Weapons
 a - a +1 war axe (weapon)
 t - a +0 war axe
Armour
 c - a +0 kite shield (worn)
 h - a +0 crystal plate armour (worn)
 l - a +0 helmet (worn)
 m - a +0 pair of boots (worn)
Jewellery
 d - a cursed amulet of faith
 p - an amulet of regeneration (around neck)
Wands
 b - a wand of flame (15)
 u - a wand of iceblast (11)
Scrolls
 i - 2 scrolls of blinking
 j - a scroll of enchant weapon
 k - 3 scrolls of remove curse
 o - 3 scrolls of teleportation
 q - a scroll of acquirement {unknown}
Potions
 e - 2 potions of curing
 g - 2 potions of brilliance
 n - a potion of flight
 r - 4 potions of heal wounds
 s - a potion of berserk rage
 v - a potion of resistance {unknown}
 x - 4 potions of might
 A - 3 potions of ambrosia
Comestibles
 f - 10 rations


   Skills:
 + Level 7.1 Fighting
 + Level 11.2 Axes
 + Level 7.6 Armour
 + Level 6.6 Shields
 * Level 1.5 Invocations


You had 8 spell levels left.
You didn't know any spells.
Your spell library contained the following spells:

 Spells                   Type           Power        Failure   Level  Hunger
 Corona                   Hex            #......      100%        1    ##.....
 Sandblast                Erth           #.....       100%        1    ##.....
 Ensorcelled Hibernation  Hex/Ice        #.....       100%        2    ###....
 Passwall                 Tmut/Erth      #.......     100%        2    ###....
 Confusing Touch          Hex            #.......     100%        3    ####...
 Dazzling Flash           Conj/Hex       #.....       100%        3    ####...
 Stone Arrow              Conj/Erth      #.....       100%        3    ####...
 Tukima's Dance           Hex            #.......     100%        3    ####...
 Petrify                  Tmut/Erth      #.......     100%        4    #####..
 Lee's Rapid Deconstruct  Erth           #.........   100%        5    ######.


Dungeon Overview and Level Annotations

Branches:
Dungeon (7/15)             Temple (1/1) D:6          Bailey (1/1)

Altars:
Ashenzari
Cheibriados
Dithmenos
Elyvilon
Fedhas
Gozag
Hepliaklqana
Kikubaaqudgha
Makhleb
Nemelex Xobeh
Okawaru
Ru
Sif Muna
Trog
Uskayaw
Vehumet
Wu Jian
Xom
Yredelemnul
Zin
The Shining One

Annotations:
D:2 exclusion: oklob plant


Message History

The orc knight goes into a battle-frenzy!
Things that are here:
a +0 trident; a +0 scale mail; an orc skeleton
Things that are here:
a +0 trident; a +0 chain mail
Things that are here:
a +0 halberd; a +0 trident; an orc skeleton A red film seems to cover your vision as you go berserk!
You feel yourself moving faster!
You feel mighty!
The orc knight hits you from afar with a +0 glaive.
* * * LOW HITPOINT WARNING * * *
You feel a strong urge to attack something.
The orc no longer looks unusually strong.
Things that are here:
a +0 trident; a +0 chain mail The orc stops glowing.
The orc knight roars a battlecry!
The orc goes into a battle-frenzy!
The orc knight hits you with a +0 glaive!!
You die...

############ ###
##.∩).......## ##..
#))).@.......######...
#.)))oo.oo...#o..)#)..
#∩.........o['o...))).
#............#o..)#o).
#............######...
##.∩........## ##..
############ ###


You could see 3 orc knights and 2 orcs.

Vanquished Creatures
  A two-headed ogre (D:6)
  Eustachio (D:6)
  Duvessa (D:6)
  2 ice beasts (D:6)
  3 orc warriors (Bailey)
  A phantom (D:5)
  2 ogres (D:4)
  2 centaurs (D:5)
  A bullfrog (D:7)
  Dowan (D:6)
  2 howler monkeys (D:5)
  2 crimson imps
  2 hounds (D:6)
  An orc priest (D:4)
  5 orc wizards
  An iguana (D:5)
  5 worker ants
  A hound zombie (D:6)
  Robin (D:2)
  7 gnolls
  8 adders
  A shadow imp (D:6)
  2 oozes
  3 worms
  3 dart slugs
  4 leopard geckos
  47 orcs
  5 bats
  2 giant cockroaches
  27 goblins
  4 hobgoblins
  2 jackals (D:1)
  6 quokkas
  3 ball pythons (D:3)
  9 frilled lizards
  A giant cockroach zombie (D:5)
  A jackal skeleton (D:4)
  6 kobolds
  2 quokka skeletons
  5 rats
183 creatures vanquished.

Vanquished Creatures (others)
  16 toadstools (D:2)
16 creatures vanquished.

Grand Total: 199 creatures vanquished

Notes
Turn   | Place    | Note
-------+----------+-------------------------------------------
     0 | D:1      | Dirian the Hill Orc Fighter began the quest for the Orb.
     0 | D:1      | Reached XP level 1. HP: 19/19 MP: 1/1
   314 | D:1      | Reached XP level 2. HP: 21/27 MP: 2/2
   447 | D:1      | Reached skill level 3 in Axes
   668 | D:1      | Reached XP level 3. HP: 32/33 MP: 3/3
  1021 | D:2      | Noticed Robin
  1090 | D:2      | Reached skill level 4 in Axes
  1115 | D:2      | Reached XP level 4. HP: 40/40 MP: 4/4
  1509 | D:2      | Killed Robin
  1509 | D:2      | Reached skill level 5 in Axes
  1510 | D:2      | Reached XP level 5. HP: 35/46 MP: 5/5
  1727 | D:2      | Found a faded altar of an unknown god.
  1964 | D:2      | Found a blossoming altar of Fedhas.
  1981 | D:2      | Noticed an oklob plant
  2462 | D:2      | Became a worshipper of Vehumet
  2462 | D:2      | Reached * piety under Vehumet
  2462 | D:2      | Offered knowledge of Freeze by Vehumet.
  2463 | D:2      | Fell from the grace of Vehumet
  3664 | D:4      | Reached skill level 6 in Axes
  3664 | D:4      | Reached XP level 6. HP: 23/53 MP: 6/6
  4460 | D:5      | Entered Level 5 of the Dungeon
  4474 | D:5      | Reached skill level 7 in Axes
  4474 | D:5      | Reached XP level 7. HP: 32/60 MP: 7/7
  4622 | D:5      | Reached skill level 5 in Fighting
  4988 | D:5      | Reached skill level 5 in Shields
  4996 | D:5      | Reached skill level 8 in Axes
  4996 | D:5      | Reached skill level 5 in Armour
  5021 | D:5      | Reached XP level 8. HP: 47/69 MP: 8/8
  5780 | D:6      | Noticed Duvessa
  5780 | D:6      | Noticed Dowan
  5795 | D:6      | Killed Duvessa
  5804 | D:6      | Killed Dowan
  5804 | D:6      | Reached skill level 9 in Axes
  6218 | D:6      | Found a staircase to the Ecumenical Temple.
  6280 | D:6      | Noticed a two-headed ogre
  6310 | Temple   | Entered the Ecumenical Temple
  6623 | Temple   | Became a worshipper of Zin the Law-Giver
  6623 | Temple   | Reached * piety under Zin
  6763 | D:6      | HP: 3/70 [two-headed ogre/cursed -1 giant club (21)]
  6776 | D:6      | HP: 3/70 [two-headed ogre/cursed -1 giant club (16)]
  6781 | D:6      | Zin protects you from harm!
  6781 | D:6      | HP: 2/70 [two-headed ogre/cursed -1 giant club (13)]
  6784 | D:6      | Killed a two-headed ogre
  6784 | D:6      | Reached skill level 10 in Axes
  6784 | D:6      | Reached XP level 9. HP: 18/78 MP: 9/9
  7095 | D:6      | Noticed Eustachio
  7105 | D:6      | Killed Eustachio
  7506 | D:7      | Found a flagged portal.
  7578 | Bailey   | Entered a bailey
  7638 | Bailey   | Reached ** piety under Zin
  7660 | Bailey   | Reached skill level 11 in Axes
  7667 | Bailey   | Reached skill level 1 in Invocations
  7857 | Bailey   | Noticed an orc knight
  7858 | Bailey   | Noticed an orc knight
  7858 | Bailey   | Noticed an orc knight
  7885 | Bailey   | HP: 3/79 [orc knight/+0 glaive (35)]
  7902 | Bailey   | Mangled by an orc knight

Illustrated notes

Levels and vault maps discovered:
D:1:      minmay_arrival_five_plusses, layout_basic, minmay_misc_feat_alley,
          hangedman_decor_slide_cut, minmay_tetromino_o2
D:2:      layout_loops_cross, chequers_ecumenical_altar_simple_redux,
          first_ration, tgw_fedhas, uniq_robin
D:3:      layout_loops_ring
D:4:      layout_basic, chequers_arboretum
D:5:      layout_loops_ring, dk_noncrumbling_3
D:6:      layout_basic, minmay_temple_entry_junction,
          minmay_a_box_with_orc_wizards_in_it, uniq_duvessa, uniq_eustachio
D:7:      layout_rooms, kennysheep_little_box, enter_bailey_3, the_bakery
Temple:   kilobyte_greek_temple
Bailey:   bailey_polearm_5, bailey

Skill      XL: |  1  2  3  4  5  6  7  8  9 |
---------------+----------------------------+-----
Axes           | 3 4 5 6 7 8 10 11 | 11.2
Fighting       | 4 5 6 7 |  7.1
Shields        | 4 5 6 |  6.6
Armour         | 4 5 7 |  7.6
Invocations    | 1 |  1.5

Action                   |  1- 3 |  4- 6 |  7- 9 || total
-------------------------+-------+-------+-------++-------
Melee: War axe           |    99 |   220 |   267 ||   586
Invok: Renounce Religion |       |     1 |       ||     1
       Recite            |       |       |     4 ||     4
  Use: Potion            |       |     2 |     5 ||     7
       Scroll            |       |    13 |     2 ||    15
 Stab: Confused          |       |       |     2 ||     2
  Eat: Chunk             |     1 |    10 |     8 ||    19
       Ration            |       |       |     1 ||     1
Armor: Scale mail        |    57 |    86 |    44 ||   187
       Chain mail        |       |       |    71 ||    71
Dodge: Dodged            |    39 |    55 |    67 ||   161
Block: Kite shield       |    58 |   115 |   142 ||   315
